 Dungeon Crawl Stone Soup version 0.29-a0-322-g68df515428 (webtiles) character file.

Game seed: 15788841776493977487

527 drugrobin the Chopper (level 6, -3/53 HPs)
             Began as a Demigod Fighter on Apr 8, 2022.
             Killed by an exploding bullfrog (11 damage)
             ... ignited by their inner flame
             ... on level 8 of the Dungeon.
             The game lasted 00:10:12 (4306 turns).

drugrobin the Chopper (Demigod Fighter)             Turns: 4306, Time: 00:10:12

Health: -3/53      AC:  7    Str: 25    XL:     6   Next: 71%
Magic:  8/8        EV: 10    Int: 10    God:
Gold:   129        SH:  4    Dex: 13    Spells: 5/5 levels left

rFire   . . .      SeeInvis +   a - +0 war axe
rCold   + . .      Faith    .   c - +0 buckler
rNeg    . . .      Spirit   .   x - +2 ring mail {rC+}
rPois   .          Reflect  .   (no helmet)
rElec   .          Harm     .   (no cloak)
rCorr   .          Rampage  .   (no gloves)
Will    .....                   (no boots)
Stlth   +.........              (no amulet)
HPRegen 0.17/turn               q - ring of see invisible
MPRegen 0.11/turn               (no ring)

@: no status effects
A: high MP 1, forlorn, divine attributes
a: no special abilities


You were on level 8 of the Dungeon.
You visited 1 branch of the dungeon, and saw 6 of its levels.

You collected 129 gold pieces.

Inventory:

Hand Weapons
 a - a +0 war axe (weapon)
 b - a +2 dagger of venom
 o - a +2 whip of pain
 y - the +3 battleaxe "Beetlebane" {freeze, rF+ rC- Str+3 Int+4}
   (You found it on level 4 of the Dungeon)

   It freezes those it strikes, dealing additional cold damage.
   It can also slow down cold-blooded creatures.
   Str:       It affects your strength (+3).
   Int:       It affects your intelligence (+4).
   rF:        It protects you from fire.
   rC:        It makes you vulnerable to cold.
Missiles
 i - 5 boomerangs (quivered)
 n - 6 poisoned darts
Armour
 c - a +0 buckler (worn)
 h - a +0 chain mail
 x - a +2 ring mail of cold resistance (worn)
Jewellery
 q - a ring of see invisible (left hand)
Scrolls
 f - 3 scrolls of enchant weapon
 g - a scroll of summoning
 j - 3 scrolls of identify
 p - a scroll of fear {unknown}
 r - a scroll of immolation
 u - a scroll of teleportation {unknown}
Potions
 d - a potion of might
 e - a potion of lignification
 k - a potion of invisibility {unknown}
 l - a potion of brilliance {unknown}
 s - 2 potions of flight {unknown}
 t - a potion of cancellation {unknown}
 v - a potion of heal wounds {unknown}
 w - a potion of mutation {unknown}
 z - a potion of degeneration {unknown}


   Skills:
 + Level 4.7 Fighting
 * Level 5.8 Axes
 - Level 2.6 Armour
 - Level 2.6 Shields


You had 5 spell levels left.
You didn't know any spells.
Your spell library contained the following spells:

 Spells                   Type           Power      Damage    Failure   Level
 Beastly Appendage        Tmut           0%         N/A       58%         1
 Wereblood                Tmut           0%         N/A       75%         2
 Spider Form              Tmut/Pois      0%         N/A       92%         3
 Petrify                  Tmut/Erth      0%         N/A       100%        4
 Metabolic Englaciation   Hex/Ice        0%         N/A       100%        5
 Statue Form              Tmut/Erth      0%         N/A       100%        6


Dungeon Overview and Level Annotations

Branches:
Dungeon (8/15)
 Temple: D:4-7         Lair: D:8-11

Shops:
D:1 ?

Annotations:
D:3 Grinder
D:4 4 runed translucent doors
D:7 Joseph


Innate Abilities, Weirdness & Mutations

You have an increased reservoir of magic. (+10% MP)
You shall have no god before yourself.
Your divine heritage dramatically boosts your attributes as you level up.


Message History

As you read the scroll labelled RASAUTY IFIN, it crumbles to dust.
The creatures around you are filled with an inner flame!
It was a scroll of immolation.
The killer bee closely misses you. You block the killer bee's attack.
Your wyvern bites the killer bee.
Flame seeps out of the killer bee.
The bullfrog hits you!
The killer bee is engulfed in blazing flames.
Flame seeps out of the killer bee.
The killer bee barely misses your orc.
Your orc closely misses the killer bee.
The killer bee completely misses you.
Unknown command.
Unknown command.
Unknown command.
As you read the scroll labelled TOERIUX WAOMO, it crumbles to dust.
You hear a loud clanging noise!
It was a scroll of noise.
You hear a shout! x7
The killer bee barely misses you.
The killer bee is engulfed in blazing flames.
Flame seeps out of the killer bee.
The killer bee closely misses you.
Your wyvern closely misses the killer bee.
The bullfrog barely misses you.
A centaur comes into view.
The bullfrog misses you.
Your orc closely misses the killer bee.
Your wyvern bites the killer bee!!
The killer bee explodes!
The fiery explosion engulfs you!
The fiery explosion engulfs the killer bee!!!
The fiery explosion engulfs the killer bee!!
The fiery explosion engulfs your orc!!!
Your orc's corpse dissolves into shadows!
The fiery explosion engulfs your wyvern!!
Flame seeps out of your wyvern.
Your wyvern is severely wounded.
Your wyvern dissolves into shadows!
Your orc explodes!
The fiery explosion engulfs the bullfrog!!
The fiery explosion engulfs you!!
* * * LOW HITPOINT WARNING * * *
The bullfrog explodes!
The fiery explosion engulfs you!
You die...

...c....# ...
g...#..##..###
......#.....#
...........#
..........#
§.§......#
#§§§.....#
#@§§......
#§○§....#
#.o§§#.....#
##o..# ...##
...... ..#
..o..... ...
..o....##. ..
.......# .< .
#...... ..


You could see a centaur, a gnoll (inner flame) and 3 orcs.

Vanquished Creatures
  A centaur (D:4)
  2 bullfrogs
  2 killer bees (D:8)
  2 hounds (D:4)
  2 jellies
  An orc priest (D:4)
  An iguana (D:4)
  Terence (D:3)
  2 orc wizards (D:4)
  4 adders
  An ufetubus (D:4)
  A dart slug (D:2)
  11 orcs
  8 endoplasms
  6 giant cockroaches
  9 goblins
  6 hobgoblins
  2 quokkas
  7 ball pythons
  8 bats
  2 frilled lizards
  7 kobolds
  2 rats
88 creatures vanquished.

Vanquished Creatures (collateral kills)
  A killer bee (D:8)
1 creature vanquished.

Vanquished Creatures (others)
  A fungus (D:1)
  10 plants (D:1)
11 creatures vanquished.

Grand Total: 100 creatures vanquished

Notes
Turn   | Place    | Note
-------+----------+-------------------------------------------
     0 | D:1      | drugrobin the Demigod Fighter began the quest for the Orb.
     0 | D:1      | Reached XP level 1. HP: 18/18 MP: 3/3
    29 | D:1      | Found Hohe's Magic Scroll Shop.
    79 | D:1      | Reached skill level 2 in Axes
   263 | D:1      | Reached XP level 2. HP: 25/25 MP: 4/4
   876 | D:2      | Reached XP level 3. HP: 28/31 MP: 5/5
   913 | D:2      | Reached skill level 3 in Axes
  2306 | D:3      | Reached XP level 4. HP: 38/38 MP: 6/6
  2307 | D:3      | Noticed Terence
  2318 | D:3      | Killed Terence
  2518 | D:3      | Noticed Grinder
  2672 | D:3      | Reached skill level 4 in Axes
  2813 | D:4      | Reached XP level 5. HP: 12/46 MP: 7/7
  3151 | D:4      | Found a large runed translucent door.
  3152 | D:4      | Found a large runed translucent door.
  3152 | D:4      | Noticed a wyvern
  3160 | D:4      | Found a large runed translucent door.
  3160 | D:4      | Found a large runed translucent door.
  3651 | D:4      | Reached skill level 5 in Axes
  3743 | D:4      | Reached XP level 6. HP: 40/52 MP: 8/8
  3948 | D:4      | Identified the +3 battleaxe "Beetlebane" {freeze, rF+ rC-
                  | Str+3 Int+4}
  4274 | D:4      | You fall into a shaft and drop 3 floors!
  4292 | D:7      | Noticed Joseph
  4306 | D:8      | Killed by an exploding bullfrog... ignited by their inner
                  | flame

Illustrated notes

Levels and vault maps discovered:
D:1:      roderic_crop_circles_arrival_small, layout_loops_cross, serial_shops,
          shop_scrolls, shapermc_ecumenical_altar_mp_ritualfount,
          minmay_misc_feat_rows
D:2:      layout_basic
D:3:      layout_loops_ring, lemuel_round_altar, nicolae_overflow_crystal_walls,
          uniq_grinder, uniq_jessica, uniq_terence
D:4:      layout_gridville, lemuel_crystal_altar, minmay_hollow_rounded_squares
D:7:      layout_basic, cheibriados_altar_1, lemuel_coloured_pillars_altar,
          uniq_joseph
D:8:      layout_cave_pools, kennysheep_orc_sif_temple,
          grunt_dithmenos_smoke_and_mirrors

Skill      XL: |  1  2  3  4  5 |
---------------+----------------+-----
Axes           | 2 3 4 5 |  5.8
Fighting       | 3 4 |  4.7
Armour         | |  2.6
Shields        | |  2.6

Action                   |  1- 3 |  4- 6 || total
-------------------------+-------+-------++-------
Melee: War axe           |    99 |   122 ||   221
       Dagger            |    39 |    11 ||    50
       Unarmed           |       |     2 ||     2
Throw: Boomerang         |     8 |     1 ||     9
  Use: Potion            |       |     1 ||     1
       Scroll            |       |     4 ||     4
Armor: Chain mail        |    76 |    26 ||   102
       Skin              |       |     3 ||     3
       Ring mail         |       |    25 ||    25
Dodge: Dodged            |    32 |    76 ||   108
Block: Buckler           |    25 |    36 ||    61

Table legend: (Time is in decaauts)
 A = Elapsed time spent in this place.
 B = Non-inter-level travel time spent in this place.
 C = Inter-level travel time spent in this place.
 D = Time resting spent in this place.
 E = Time spent auto-exploring this place.
 F = Levels seen in this place.
 G = Mean time per level.
                   A        B        C        D        E       F      G
               +--------+--------+--------+--------+--------+-----+--------+
         Total |   4384 |   4272 |    112 |    892 |   2249 |   6 |  730.7 |
       Dungeon |   4384 |   4272 |    112 |    892 |   2249 |   6 |  730.7 |
               +--------+--------+--------+--------+--------+-----+--------+

Top non-repeatable levels by time:
     D:4: 1515 daAuts
     D:2: 1356 daAuts
     D:3: 765 daAuts
     D:1: 713 daAuts
     D:7: 27 daAuts
     D:8: 5 daAuts
